Unix NetHack Version 5.0.0-0 post-release - last build May 31 2026 23:59:36 (970b52f25bf058293b47ddfd14a1e40e571c508c,branch:main).

Game began 2026-06-07 19:01:01, ended 2026-06-08 01:38:40.

IanCurtis, chaotic male elven Wizard

                                                ..-----
                                               .....|.|.
                                              ...........
                                         -   .............
                                        |.-----.%---.......  ..---
                 G                     ....|.....| -....... .....|
                                       ......-----  ..|.| .......--
                        G              ....---       -|.|   -.....|
                                       .....|     ...--.--- --....|
                  G                     .^..-------.......---|..---
      ....d.                           .....)[%%^...<---.....|..|
      .+.@d.G                           .....--------- --.......|
      -->...                            -.....|       ----......|
       ---.                             |.....|       |..%......|
                                                      |^------.--
                                                      ---    ---
IanCurtis the Thaumaturge  St:11 Dx:13 Co:16 In:20 Wi:14 Ch:7  Chaotic
Dlvl:11 $:114 HP:0(56) Pw:27(112) AC:7  Xp:8 T:5788 

Latest messages:
 What do you want to use or apply? [bdkmovGOP or ?*] b
 The dwarf wields a broad short sword!
 In what direction? l
 The sleep ray hits the dwarf.
 The gnome turns into a flesh golem!
 In what direction? k
 The sleep ray hits the flesh golem.
 The sleep ray bounces!
 What do you want to write with? [- aeoqvwzADEIP or ?*] -
 You write in the dust with your fingertip.
 What do you want to write in the dust here? Elbereth
 You see a gas cloud dissipate.
 Something is written here in the dust.
 You read: "Elbereth".
 You see no objects here.
 The flesh golem turns to flee.
 The flesh golem turns to flee.
 You see a gas cloud dissipate.
 You are enveloped in a cloud of gas!
 You climb up the stairs.
 What do you want to use or apply? [bdkmovGOP or ?*] b
 You have a little trouble removing x - an uncursed spellbook of cancellation.
 j - a blessed spellbook of force bolt.
 y - a spellbook of remove curse.
 B - an uncursed spellbook of sleep.
 You drop an uncursed spellbook of cancellation.
 You drop a blessed spellbook of force bolt.
 Your movements are now unencumbered.
 You drop a spellbook of remove curse.
 You drop an uncursed spellbook of sleep.
 The blast of frost hits you!
 You stop searching.
 What do you want to remove? [eI or ?*] ?
 You were wearing an uncursed +4 ring of gain strength (on right hand).
 What do you want to put on? [egpqwADQ or ?*] ?
 q - an uncursed ring of cold resistance (on right hand).
 What do you want to use or apply? [bdkmovGOP or ?*] b
 The blast of frost hits you!
 You don't feel cold.
 The blast of frost bounces!
 The blast of frost hits you!
 You don't feel cold.
 In what direction? u
 The spell misses it.
 The winter wolf cub bites!
 You hit the winter wolf cub!
 The winter wolf cub bites!
 The winter wolf cub bites!
 You die...
 Do you want your possessions identified? [ynq] (y) q

Inventory:
 Coins    ('$')
  $ - 114 gold pieces
 Amulets  ('"')
  Q - an uncursed amulet of ESP
  p - an uncursed amulet of magical breathing
  g - an uncursed amulet versus poison
 Weapons  (')')
  z - a +0 arrow
  E - the +0 Sting
  a - a blessed +4 quarterstaff (weapon in hands)
 Armor    ('[')
  n - a blessed +2 cloak of magic resistance (being worn)
 Comestibles  ('%')
  N - an uncursed lizard corpse
 Rings    ('=')
  A - an uncursed ring of aggravate monster
  q - an uncursed ring of cold resistance (on right hand)
  I - an uncursed +4 ring of gain constitution (on left hand)
  e - an uncursed +4 ring of gain strength
  D - an uncursed ring of see invisible
  w - an uncursed ring of teleport control
 Wands    ('/')
  v - a wand of digging (0:6)
  o - a wand of magic missile (0:4)
 Tools    ('(')
  b - an uncursed oilskin sack named oilskin sack containing 28 items
  m - an uncursed bugle
  k - an uncursed lock pick
  O - an uncursed magic lamp named magic
  P - a magic marker (0:20)
  G - an uncursed oil lamp
  d - a +0 pick-axe

Contents of the oilskin sack named oilskin sack:
  an uncursed lembas wafer
  an uncursed tripe ration
  a blessed scroll of genocide
  an uncursed scroll of fire
  an uncursed scroll of light
  an uncursed scroll of taming
  an uncursed scroll of gold detection
  3 uncursed scrolls of blank paper
  an uncursed scroll of charging
  an uncursed scroll of enchant armor
  an uncursed scroll of enchant weapon
  an uncursed scroll of magic mapping
  an uncursed scroll of teleportation
  an uncursed potion of sickness
  a cursed potion of sleeping
  an uncursed potion of confusion
  2 uncursed potions of gain ability
  an uncursed potion of extra healing
  an uncursed potion of speed
  an uncursed potion of booze
  a potion of holy water
  3 uncursed potions of water
  a potion of unholy water
  a wand of light (0:11)
  an uncursed wooden flute
  a blessed tallow candle
  an uncursed tallow candle
  a magic marker (0:20)

IanCurtis the Wizard's attributes:

Background:
 You were a Thaumaturge, a level 8 male elven Wizard.
 You were chaotic, on a mission for Anhur
 who was opposed by Ptah (lawful) and Thoth (neutral).
 You were right-handed.
 You were in the Gnomish Mines, on level 11.
 You entered the dungeon 5788 turns ago.
 It was nighttime.
 You had 1472 experience points, 1088 more were needed to attain level 9.

Basics:
 You had 0 out of 56 hit points.
 You had 27 out of 112 energy points (spell power).
 Your armor class was 7.
 Your wallet contained 114 zorkmids.
 Autopickup was off.

Final Characteristics:
 Your strength was 11 (limit:18).
 Your dexterity was 13 (limit:18).
 Your constitution was 16 (base:12, limit:16).
 Your intelligence was 20 (limit:20).
 Your wisdom was 14 (limit:20).
 Your charisma was 7 (limit:18).

Final Status:
 You weren't hungry.
 You were unencumbered.
 You were wielding a quarterstaff.
 You were skilled in quarterstaff.

Final Attributes:
 You were piously aligned.
 You were magic-protected.
 You were cold resistant.
 Your items were protected from cold.
 You were sleep resistant.
 You had infravision.
 You were warded.
 You are dead.

Miscellaneous:
 You encountered 1 bones level.
 Total elapsed playing time was 45 minutes and 41 seconds.

Major events:
 Turn
    1: IanCurtis the chaotic male elven Wizard entered the dungeon
 1173: attained the rank of Conjurer (level 3)
 1670: entered the Gnomish Mines
 2649: chose an elven dagger to be named "Sting"
 2811: attained the rank of Thaumaturge (level 6)
 3426: reached Mine Town
 5788: killed by a winter wolf cub

Spells:
 Name                 Level Category     Fail Retention
 force bolt             1   attack         0%   71%-75%
 sleep                  3   enchantment    0%   71%-80%
 cancellation           7   matter        98%  76%-100%
 remove curse           3   clerical      54%  76%-100%

Skills:
 Fighting Skills
   bare handed combat [Unskilled]
   riding             [Unskilled]
 Weapon Skills
   dagger             [Unskilled]
   knife              [Unskilled]
   axe                [Unskilled]
   short sword        [Unskilled]
   club               [Unskilled]
   mace               [Unskilled]
   quarterstaff       [Skilled]
   polearms           [Unskilled]
   spear              [Unskilled]
   trident            [Unskilled]
   sling              [Unskilled]
   dart               [Unskilled]
   shuriken           [Unskilled]
 Spellcasting Skills
   attack spells      [Skilled]
   healing spells     [Unskilled]
   divination spells  [Unskilled]
   enchantment spells [Basic]
   clerical spells    [Unskilled]
   escape spells      [Unskilled]
   matter spells      [Unskilled]

Voluntary challenges:
 Character rerolling was not enabled.
 You never genocided any monsters.
 You never polymorphed an object.
 You never changed form.
 You used no wishes.
Achievements:
 You entered a shop.
 You attained the rank of Conjurer.
 You entered the Gnomish Mines.
 You attained the rank of Thaumaturge.
 You entered Minetown.
 You entered a temple.

 The Dungeons of Doom: levels 1 to 4
    Level 1:
       Some fountains.
    Level 2:
    Level 3:
       An armor shop.
    Level 4:
       A fountain.
       Stairs down to The Gnomish Mines.
 The Gnomish Mines: levels 5 to 12
    Level 5:
    Level 6:
    Level 7:
    Level 8:
       Many shops, a temple and an altar to Anhur, some fountains.
       Final resting place for
          DiePARTEI-Tou-Hum-Mal-Law, killed by a wererat.
    Level 9:
    Level 10:
    Level 11: <- You were here.
       Final resting place for
          you, killed by a winter wolf cub.
    Level 12:


Vanquished creatures:
  a ghost
  a steam vortex
  a xan
  a lizard
  a dingo
  a raven
  a rock piercer
  a rock mole
  a pony
  a fog cloud
  2 yellow lights
 10 gnome leaders
  4 gnomish wizards
  6 giant ants
  2 floating eyes
 16 dwarves
  a kobold leader
  2 rothes
  a rabid rat
  a giant bat
  6 orc zombies
  a dwarf zombie
  a werejackal
  4 iguanas
  9 killer bees
  3 acid blobs
  3 hobbits
  a large kobold
  2 hobgoblins
  4 giant rats
  a yellow mold
  2 green molds
 45 gnomes
  a gnome zombie
  4 geckos
  3 jackals
  2 foxes
  3 goblins
  5 sewer rats
  a grid bug
  3 bats
  2 lichens
  a kobold zombie
  6 newts
168 creatures vanquished.

No species were genocided or became extinct.

Game over:
                       ----------
                      /          \
                     /    REST    \
                    /      IN      \
                   /     PEACE      \
                  /                  \
                  |    IanCurtis     |
                  |      114 Au      |
                  |   killed by a    |
                  | winter wolf cub  |
                  |                  |
                  |                  |
                  |       2026       |
                 *|     *  *  *      | *
        _________)/\\_//(\/(/\)/\//\/|_)_______

Goodbye IanCurtis the Wizard...

You died in The Gnomish Mines on dungeon level 11 with 6551 points,
and 114 pieces of gold, after 5788 moves.
You were level 8 with a maximum of 56 hit points when you died.

